General information
- name: BNet
- type: Ladder team game (AT/RT)
- host: Battle.net
- saver: CESARE_BORGIA
map: DragonFalls
- players: 8
- length: 22:02
- speed: Fast
- version: 1.26 W3XP
- replay type: Public
» download(133 KB)
Players
team 1 (loser)

»
CESARE_BORGIA (
teal | 50 APM | 1099 actions | 22:02)
3 Blademaster
2 Wind Walk
1 Critical Strike
» actions
| Assign group hotkey | 10 | |
| Basic commands | 5 | |
| Build / train | 45 | |
| ESC pressed | 4 | |
| Enter build submenu | 27 | |
| Enter hero's abilities submenu | 3 | |
| Right click | 412 | |
| Select / deselect | 403 | |
| Select group hotkey | 134 | |
| Use ability | 53 | |
1099 total
» units
| Peon | 14 | |
| Goblin Shredder | 1 | |
| Goblin Zeppelin | 2 | |
| Goblin Sapper | 1 | |
| Demolisher | 6 | |
24 total
» upgrades
| Ranged Weapons | 3 | |
| Reinforced Defenses | 1 | |
| Burning Oil | 1 | |
| Armor | 2 | |
| Spiked Barricades | 1 | |
| Stone Form | 1 | |
9 total
» buildings
| Altar of Storms | 1 | |
| Orc Burrow | 6 | |
| War Mill | 2 | |
| Watch Tower | 5 | |
| Voodoo Lounge | 1 | |
| Barracks | 2 | |
| Stronghold | 1 | |
| Fortress | 1 | |
| Great Hall | 3 | |
| Crypt | 2 | |
24 total
» build order
00:05 Altar of Storms
00:09 Orc Burrow
00:28 War Mill
01:44 Watch Tower
01:52 Orc Burrow
03:12 Watch Tower
03:44 Watch Tower
04:02 Voodoo Lounge
05:07 Watch Tower
05:44 War Mill
06:37 Barracks
06:39 Barracks
07:20 Stronghold
07:24 Orc Burrow
07:28 Orc Burrow
09:11 Watch Tower
09:22 Orc Burrow
11:29 Fortress
12:52 Great Hall
14:40 Orc Burrow
15:37 Great Hall
15:46 Great Hall
21:00 Crypt
21:23 Crypt
» items
| Boots of Speed | 1 | |
| Staff of Teleportation | 1 | |
| Lesser Clarity Potion | 1 | |
| Scroll of Speed | 1 | |
| Healing Salve | 1 | |
5 total
eldur (
purple | 41 APM | 880 actions | 21:18)
6 Death Knight
3 Death Coil
2 Unholy Aura
1 Animate Dead
1 Dreadlord
1 Vampiric Aura
» actions
| Assign group hotkey | 88 | |
| Build / train | 56 | |
| ESC pressed | 2 | |
| Enter build submenu | 22 | |
| Enter hero's abilities submenu | 7 | |
| Give item / drop item | 2 | |
| Right click | 362 | |
| Select / deselect | 187 | |
| Select group hotkey | 107 | |
| Use ability | 47 | |
880 total
» units
| Acolyte | 7 | |
| Ghoul | 11 | |
| Abomination | 12 | |
30 total
» upgrades
| Unholy Strength | 2 | |
| Unholy Armor | 3 | |
| Disease Cloud | 1 | |
| Ghoul Frenzy | 1 | |
7 total
» buildings
| Ziggurat | 12 | |
| Crypt | 1 | |
| Tomb of Relics | 1 | |
| Altar of Darkness | 1 | |
| Nerubian Tower | 1 | |
| Halls of the Dead | 4 | |
| Graveyard | 2 | |
| Black Citadel | 1 | |
| Slaughterhouse | 2 | |
25 total
» build order
00:16 Ziggurat
00:25 Crypt
00:41 Tomb of Relics
01:06 Altar of Darkness
01:32 Ziggurat
02:27 Nerubian Tower
02:56 Halls of the Dead
02:56 Halls of the Dead
02:57 Halls of the Dead
04:05 Graveyard
05:25 Black Citadel
05:32 Slaughterhouse
06:55 Slaughterhouse
06:59 Ziggurat
07:02 Ziggurat
07:05 Ziggurat
09:06 Ziggurat
11:18 Ziggurat
11:23 Ziggurat
14:51 Ziggurat
14:56 Ziggurat
19:44 Graveyard
19:49 Ziggurat
19:50 Ziggurat
» items
| Rod of Necromancy | 1 | |
| Orb of Corruption | 1 | |
| Scroll of Healing | 1 | |
| Potion of Healing | 1 | |
4 total
nitin (
pink | 31 APM | 620 actions | 20:16)
3 Death Knight
2 Death Coil
1 Unholy Aura
1 Lich
1 Frost Nova
» actions
| Assign group hotkey | 8 | |
| Basic commands | 11 | |
| Build / train | 41 | |
| Enter build submenu | 13 | |
| Enter hero's abilities submenu | 4 | |
| Give item / drop item | 3 | |
| Right click | 227 | |
| Select / deselect | 190 | |
| Select group hotkey | 86 | |
| Use ability | 37 | |
620 total
» units
| Acolyte | 2 | |
| Ghoul | 3 | |
| Crypt Fiend | 4 | |
| Gargoyle | 11 | |
| Frost Wyrm | 3 | |
23 total
» upgrades
| Creature Attack | 1 | |
| Creature Carapace | 3 | |
| Freezing Breath | 1 | |
5 total
» buildings
| Graveyard | 3 | |
| Crypt | 1 | |
| Altar of Darkness | 1 | |
| Ziggurat | 8 | |
| Tomb of Relics | 1 | |
| Halls of the Dead | 1 | |
| Sacrificial Pit | 1 | |
| Black Citadel | 1 | |
| Boneyard | 2 | |
19 total
» build order
00:15 Graveyard
00:21 Graveyard
00:23 Crypt
00:26 Graveyard
01:00 Altar of Darkness
01:09 Ziggurat
01:48 Tomb of Relics
02:16 Ziggurat
03:49 Halls of the Dead
06:09 Ziggurat
06:12 Ziggurat
06:15 Sacrificial Pit
06:17 Black Citadel
11:08 Boneyard
11:09 Boneyard
11:18 Ziggurat
11:19 Ziggurat
11:20 Ziggurat
11:22 Ziggurat
» items
| Rod of Necromancy | 2 | |
| Scroll of Town Portal | 2 | |
| Potion of Healing | 1 | |
5 total
sebastient7 (
orange | 32 APM | 710 actions | 22:02)
3 Mountain King
2 Storm Bolt
1 Bash
» actions
| Basic commands | 11 | |
| Build / train | 70 | |
| Enter build submenu | 20 | |
| Enter hero's abilities submenu | 3 | |
| Right click | 365 | |
| Select / deselect | 211 | |
| Use ability | 30 | |
710 total
» units
| Peasant | 14 | |
| Footman | 13 | |
| Rifleman | 18 | |
| Siege Engine | 9 | |
54 total
» upgrades
| Gunpowder | 3 | |
| Armor | 3 | |
| Long Rifles | 1 | |
| Barrage | 1 | |
| Lumber Harvesting | 1 | |
9 total
» buildings
| Barracks | 2 | |
| Altar of Kings | 1 | |
| Farm | 11 | |
| Blacksmith | 1 | |
| Town Hall | 1 | |
| Lumber Mill | 2 | |
| Keep | 1 | |
| Castle | 1 | |
| Workshop | 1 | |
21 total
» build order
00:06 Barracks
00:10 Altar of Kings
00:31 Farm
01:08 Farm
01:58 Farm
02:37 Farm
03:32 Farm
03:42 Blacksmith
04:43 Farm
05:03 Barracks
05:22 Farm
06:01 Town Hall
06:08 Farm
06:14 Lumber Mill
06:46 Farm
08:54 Farm
09:08 Keep
09:59 Farm
10:54 Lumber Mill
11:40 Castle
12:57 Workshop
team 2 (winner)

»
JoinThe1Percent (
red | 58 APM | 1277 actions | 22:02)
5 Mountain King
3 Storm Bolt
2 Bash
4 Blood Mage
2 Banish
2 Siphon Mana
3 Paladin
2 Holy Light
1 Divine Shield
» actions
| Assign group hotkey | 19 | |
| Basic commands | 4 | |
| Build / train | 55 | |
| Enter build submenu | 18 | |
| Enter hero's abilities submenu | 12 | |
| Give item / drop item | 2 | |
| Right click | 370 | |
| Select / deselect | 247 | |
| Select group hotkey | 496 | |
| Use ability | 53 | |
1277 total
» units
| Peasant | 9 | |
| Footman | 5 | |
| Gryphon Rider | 6 | |
20 total
» upgrades
| Swords | 3 | |
| Armor | 2 | |
| Animal War Training | 1 | |
| Storm Hammers | 1 | |
7 total
» buildings
| Barracks | 1 | |
| Farm | 10 | |
| Altar of Kings | 1 | |
| Lumber Mill | 2 | |
| Blacksmith | 1 | |
| Arcane Vault | 1 | |
| Keep | 1 | |
| Castle | 1 | |
| Gryphon Aviary | 2 | |
20 total
» build order
00:10 Barracks
00:21 Farm
00:37 Altar of Kings
00:50 Farm
01:34 Farm
01:48 Farm
02:34 Lumber Mill
02:51 Farm
02:55 Blacksmith
03:13 Arcane Vault
03:32 Farm
04:14 Farm
04:17 Keep
06:41 Castle
06:45 Gryphon Aviary
06:46 Gryphon Aviary
11:53 Farm
15:57 Farm
15:57 Farm
16:12 Lumber Mill
» items
| Scroll of Regeneration | 3 | |
| Mechanical Critter | 2 | |
| Scroll of Town Portal | 3 | |
| Dust of Appearance | 1 | |
| Orb of Fire | 1 | |
| Staff of Sanctuary | 1 | |
11 total
TROYLEE.THEKING (
blue | 70 APM | 1544 actions | 22:02)
5 Archmage
2 Summon Water Elemental
3 Blizzard
2 Paladin
1 Holy Light
1 Divine Shield
3 Mountain King
2 Storm Bolt
1 Bash
» actions
| Basic commands | 2 | |
| Build / train | 92 | |
| Enter build submenu | 23 | |
| Enter hero's abilities submenu | 10 | |
| Give item / drop item | 5 | |
| Right click | 835 | |
| Select / deselect | 476 | |
| Use ability | 101 | |
1544 total
» units
| Peasant | 18 | |
| Footman | 10 | |
| Knight | 11 | |
39 total
» upgrades
| Swords | 3 | |
| Plating | 3 | |
| Lumber Harvesting | 2 | |
| Masonry | 3 | |
| Animal War Training | 1 | |
12 total
» buildings
| Altar of Kings | 1 | |
| Barracks | 2 | |
| Farm | 13 | |
| Town Hall | 1 | |
| Keep | 2 | |
| Lumber Mill | 1 | |
| Blacksmith | 1 | |
| Arcane Vault | 1 | |
| Castle | 2 | |
| Arcane Sanctum | 2 | |
26 total
» build order
00:26 Altar of Kings
00:38 Barracks
00:52 Farm
01:11 Farm
02:14 Farm
03:49 Town Hall
05:00 Keep
05:00 Keep
05:11 Barracks
05:20 Lumber Mill
05:27 Blacksmith
05:36 Arcane Vault
06:42 Farm
06:45 Farm
06:47 Farm
07:34 Castle
08:35 Farm
08:39 Farm
08:43 Farm
09:19 Farm
09:27 Farm
09:33 Farm
10:22 Farm
21:02 Arcane Sanctum
21:05 Arcane Sanctum
» items
| Circlet of Nobility | 1 | |
| Scroll of Town Portal | 3 | |
| Scroll of Regeneration | 5 | |
| Potion of Healing | 8 | |
| Orb of Fire | 2 | |
| Periapt of Vitality | 1 | |
| Scroll of Healing | 1 | |
21 total
hellop (
green | 24 APM | 524 actions | 22:02)
3 Priestess of the Moon
1 Searing Arrows
2 Trueshot Aura
» actions
| Basic commands | 123 | |
| Build / train | 54 | |
| Enter build submenu | 17 | |
| Enter hero's abilities submenu | 3 | |
| Give item / drop item | 3 | |
| Remove unit from queue | 1 | |
| Right click | 53 | |
| Select / deselect | 234 | |
| Use ability | 36 | |
524 total
» units
| Wisp | 17 | |
| Archer | 4 | |
| Hippogryph | 6 | |
| Chimaera | 8 | |
35 total
» upgrades
| Reinforced Hides | 3 | |
| Strength of the Wild | 3 | |
| Improved Bows | 0 | |
| Corrosive Breath | 1 | |
7 total
» buildings
| Altar of Elders | 1 | |
| Moon Well | 6 | |
| Ancient of War | 1 | |
| Tree of Ages | 2 | |
| Hunter's Hall | 1 | |
| Ancient of Wind | 2 | |
| Tree of Eternity | 1 | |
| Chimaera Roost | 2 | |
| Tree of Life | 2 | |
18 total
» build order
00:14 Altar of Elders
00:28 Moon Well
01:08 Ancient of War
01:35 Moon Well
02:37 Tree of Ages
03:13 Moon Well
03:36 Hunter's Hall
05:21 Ancient of Wind
05:23 Tree of Eternity
07:18 Moon Well
07:23 Moon Well
07:47 Chimaera Roost
07:52 Chimaera Roost
09:06 Tree of Life
15:48 Moon Well
17:27 Ancient of Wind
20:33 Tree of Life
20:38 Tree of Ages
» items
| Scroll of Town Portal | 2 | |
| Scroll of Regeneration | 1 | |
| Scroll of Healing | 1 | |
4 total
manbearpig54 (
yellow | 26 APM | 579 actions | 22:02)
4 Crypt Lord
2 Spiked Carapace
2 Impale
3 Death Knight
2 Death Coil
1 Unholy Aura
» actions
| Basic commands | 1 | |
| Build / train | 77 | |
| Enter build submenu | 18 | |
| Enter hero's abilities submenu | 7 | |
| Give item / drop item | 3 | |
| Right click | 221 | |
| Select / deselect | 223 | |
| Use ability | 29 | |
579 total
» units
| Acolyte | 14 | |
| Ghoul | 11 | |
| Crypt Fiend | 5 | |
| Frost Wyrm | 10 | |
40 total
» upgrades
| Creature Attack | 3 | |
| Creature Carapace | 4 | |
| Web | 1 | |
| Burrow | 1 | |
| Freezing Breath | 1 | |
10 total
» buildings
| Crypt | 1 | |
| Altar of Darkness | 1 | |
| Ziggurat | 9 | |
| Nerubian Tower | 9 | |
| Halls of the Dead | 1 | |
| Graveyard | 1 | |
| Tomb of Relics | 1 | |
| Black Citadel | 1 | |
| Sacrificial Pit | 2 | |
| Boneyard | 2 | |
| Spirit Tower | 1 | |
29 total
» build order
00:33 Crypt
00:39 Altar of Darkness
00:45 Ziggurat
01:10 Ziggurat
02:11 Ziggurat
03:03 Nerubian Tower
03:32 Nerubian Tower
03:55 Nerubian Tower
05:17 Halls of the Dead
05:21 Ziggurat
05:50 Graveyard
06:08 Tomb of Relics
06:21 Ziggurat
06:26 Nerubian Tower
07:46 Nerubian Tower
07:47 Nerubian Tower
08:31 Black Citadel
09:00 Sacrificial Pit
09:07 Sacrificial Pit
11:01 Ziggurat
11:04 Ziggurat
11:07 Ziggurat
11:12 Ziggurat
11:29 Boneyard
11:40 Boneyard
12:33 Nerubian Tower
12:35 Spirit Tower
12:37 Nerubian Tower
12:39 Nerubian Tower
» items
| Orb of Corruption | 2 | |
| Scroll of Healing | 2 | |
| Periapt of Vitality | 1 | |
| Circlet of Nobility | 1 | |
6 total
Chat log
(00:32 / Allies) eldur: units?
(00:35 / Allies) CESARE_BORGIA: demo zep
(00:38 / Allies) nitin: gargs, frost
(03:04 / Allies) CESARE_BORGIA: so many acos
(03:05 / Allies) CESARE_BORGIA: wtf
(03:18 / Allies) CESARE_BORGIA: he's a noob or screwing aruond
(03:19 / Allies) nitin: real noob
(08:19 / All) TROYLEE.THEKING: oj got raped lol
(08:22 / Allies) CESARE_BORGIA: gauntlets here
(08:24 / Allies) CESARE_BORGIA: if any of you want
(10:45 / Allies) eldur: nitin
(10:47 / Allies) eldur: field
(11:01 / Allies) nitin: ty
(11:03 / Allies) eldur: np
(11:49 / Allies) CESARE_BORGIA: red has gryphs
(11:53 / Allies) CESARE_BORGIA: we shall double our efforts
(11:58 / Allies) eldur: i got melee
(12:09 / Allies) nitin: gargoyl
(12:15 / Allies) CESARE_BORGIA: alright cool
(12:21 / Allies) eldur: i got bombs
(13:53 / Allies) CESARE_BORGIA: hiiighway tooooo the
(13:57 / Allies) CESARE_BORGIA: dayyyngeuh zooooone
(14:02 / Allies) nitin: back
(14:04 / Allies) CESARE_BORGIA: shoot the grpyhs
(14:06 / Allies) CESARE_BORGIA: the gryphs
(17:26 / Allies) CESARE_BORGIA: hey purp
(17:27 / Allies) CESARE_BORGIA: sorry man
(17:30 / Allies) CESARE_BORGIA: my tp interrupted your aco
(17:43 / Allies) CESARE_BORGIA: shiii
(17:53 / Allies) nitin: repair main
(17:53 / Allies) eldur: tp ?
(18:11 / Allies) nitin: TP now
(19:32 / All) TROYLEE.THEKING: gg noob
(20:23 / All) TROYLEE.THEKING: out noobz
(20:43 / All) eldur: blue i just raped u
(20:46 / All) eldur: shut up
(20:49 / All) TROYLEE.THEKING: i raped u noob
(20:51 / Allies) CESARE_BORGIA: well
(20:52 / Allies) CESARE_BORGIA: I got pink
(21:08 / Allies) CESARE_BORGIA: dunno what he was going for massing gargs out of 1 crypt though
(21:21 / All) TROYLEE.THEKING: come again noob ?
(21:33 / All) CESARE_BORGIA: Purp said "massing gargs" and made exactly one crypt.
(21:35 / All) CESARE_BORGIA: Pink said
(21:36 / All) CESARE_BORGIA: I mean
(21:52 / All) CESARE_BORGIA: I was building shit but purp cancelled it before leaving
(21:55 / All) CESARE_BORGIA: so yeah
(21:56 / All) CESARE_BORGIA: gg